 Dungeon Crawl Stone Soup version 0.27-a0-1200-g94dc6ad4cf (webtiles) character file.

Game seed: 11121056682822897363

2371 lightspider the Spear-Bearer (level 9, -8/82 HPs)
             Began as a Hill Orc Fighter on June 1, 2021.
             Was an Initiate of Beogh.
             Killed by divine providence
             ... invoked by an orc priest
              (16 damage)
             ... on level 8 of the Dungeon.
             The game lasted 00:26:06 (7531 turns).

lightspider the Spear-Bearer (Hill Orc Fighter)     Turns: 7531, Time: 00:26:07

Health: -8/82      AC: 19    Str: 22    XL:     9   Next: 45%
Magic:  9/9        EV: 13    Int:  8    God:    Beogh [......]
Gold:   533        SH: 11    Dex: 10    Spells: 8/8 levels left

rFire    . . .     SeeInvis .   y - +2 trident (venom)
rCold    . . .     Faith    .   c - +1 kite shield
rNeg     . . .     Spirit   .   H - +0 steam dragon scales
rPois    .         Reflect  .   g - +2 helmet
rElec    .         Harm     .   (no cloak)
rCorr    .         Rampage  .   E - +2 pair of gloves
Will     .....                  h - +1 pair of boots
Stlth    +.........             (no amulet)
HPRegen  0.23/turn              e - +4 ring of evasion
MPRegen  0.11/turn              l - +4 ring of protection

@: about to teleport, studying 2 skills
A: no striking features
a: Renounce Religion


You were on level 8 of the Dungeon.
You worshipped Beogh.
Beogh was noncommittal.
You visited 1 branch of the dungeon, and saw 8 of its levels.

You collected 533 gold pieces.

Inventory:

Hand Weapons
 a - a +0 long sword
 j - a +0 trident
 y - a +2 trident of venom (weapon)
Missiles
 i - 80 bolts
 D - 3 boomerangs of dispersal (quivered)
 I - 7 atropa-tipped darts
Armour
 b - a +0 scale mail
 c - a +1 kite shield (worn)
 g - a +2 helmet (worn)
 h - a +1 pair of boots (worn)
 k - a +0 pair of gloves
 q - a +0 chain mail
 u - the +2 leather armour of the Eagle {Dex+4}
   (You found it on level 5 of the Dungeon)

   It affects your dexterity (+4).
 E - a +2 pair of gloves (worn)
 H - +0 steam dragon scales (worn)
Jewellery
 e - a +4 ring of evasion (left hand)
 l - a +4 ring of protection (right hand)
 s - a ring of willpower
 z - a +6 ring of intelligence
Wands
 t - a wand of mindburst (1)
 w - a wand of acid (5)
 x - a wand of polymorph (9)
 C - a wand of flame (17)
 F - a wand of charming (17)
 G - a wand of iceblast (6)
Scrolls
 m - a scroll of blinking
 n - 2 scrolls of amnesia
 r - a scroll of enchant weapon {unknown}
 A - a scroll of silence {unknown}
Potions
 f - a potion of curing
 o - a potion of ambrosia
 p - a potion of might
 v - a potion of heal wounds {unknown}
 B - a potion of haste {unknown}


   Skills:
 - Level 8.7 Fighting
 - Level 4.6 Long Blades
 * Level 11.1 Polearms
 - Level 7.1 Armour
 - Level 6.3 Shields


You had 8 spell levels left.
You didn't know any spells.
Your spell library contained the following spells:

 Spells                   Type           Power      Damage    Failure   Level
 Magic Dart               Conj           0%         1d3       80%         1
 Blink                    Tloc           N/A        N/A       90%         2
 Call Imp                 Summ           0%         N/A       90%         2
 Slow                     Hex            0%         N/A       90%         2
 Conjure Flame            Conj/Fire      0%         6-21      99%         3
 Mephitic Cloud           Conj/Pois/Air  0%         N/A       99%         3


Dungeon Overview and Level Annotations

Branches:
Dungeon (8/15)             Temple (0/1) D:7
   Lair: D:8-11

Altars:
Ashenzari
Cheibriados
Hepliaklqana
Okawaru
Qazlal
Sif Muna
Trog
Uskayaw

Portals:
Ossuary: D:8

Annotations:
D:6 2 runed translucent doors


Message History

You block the wyvern's attack.
You hit the wyvern but do no damage.
The wyvern looks as sick as possible!
The wyvern is severely wounded.
The wyvern barely misses you. You block the two-headed ogre's attack.
The two-headed ogre misses you. You block the orc warrior's attack.
You puncture the two-headed ogre!
The two-headed ogre is moderately wounded.
The wyvern completely misses you. You block the orc warrior's attack.
The two-headed ogre hits you but does no damage.
The two-headed ogre hits you with a +0 giant club!
The wyvern bites you but does no damage.
You hit the two-headed ogre but do no damage.
The two-headed ogre is moderately wounded.
The wyvern barely misses you. The orc warrior misses you.
You barely miss the two-headed ogre.
The two-headed ogre is moderately wounded.
The wyvern bites you but does no damage.
The two-headed ogre hits you with a +0 giant spiked club!
The two-headed ogre hits you with a +0 giant club!
* * * LOW HITPOINT WARNING * * *
The orc warrior hits you but does no damage.
The wyvern closely misses you.
Okay, then.
Blink to where?
Press: ? - help, Dir - move target, p - wyvern
As you read the scroll of blinking, it crumbles to dust.
You kill the wyvern!
Beogh accepts your kill.
The orc priest invokes the aid of Beogh against you.
Pain shoots through your body!
* * * LOW HITPOINT WARNING * * *
Your Polearms skill increases to level 11!
As you read the scroll of teleportation, it crumbles to dust.
You feel strangely unstable.
The orc priest invokes the aid of Beogh against you.
You struggle to resist.
The orc priest mumbles some strange prayers to Beogh against you.
Beogh smites you!
You die...
Beogh appreciates the orc priest's killing of a heretic priest.

#......≈≈.. .......≈≈≈
h...#.. .).......
..o.oo. ........ o..o...
.......# ...o...
#..†##### ..o....
#..O.oo.# .....≈.
#.#####o###....;≈.
#@...o...o....=.≈.
8.∩.8......o.<.O........
........................
..8.....................
..............####......
..............# ......
.......####.### ##....
....... ... ###. ...


You could see 2 orc priests and an orc.

Vanquished Creatures
  A komodo dragon (D:6)
  A wyvern (D:8)
  2 steam dragons (D:7)
  Duvessa (D:7)
  2 sky beasts
  An ice beast (D:7)
  3 ogres
  2 bullfrogs
  2 gnoll sergeants
  A scorpion (D:4)
  Dowan (D:7)
  3 howler monkeys
  An orc priest (D:6)
  4 hounds
  A jelly (D:4)
  Jessica (D:3)
  4 iguanas
  2 orc wizards
  A hound zombie (D:4)
  A howler monkey skeleton (D:7)
  6 gnolls
  4 adders
  3 white imps (D:6)
  An ufetubus (D:6)
  An adder skeleton (D:5)
  A worm (D:3)
  4 dart slugs
  17 orcs
  6 bats
  7 endoplasms
  3 giant cockroaches
  8 goblins
  6 hobgoblins
  4 jackals (D:1)
  7 kobolds
  4 quokkas
  6 ball pythons
  A frilled lizard (D:3)
  6 rats
130 creatures vanquished.

Vanquished Creatures (others)
  An ice beast (D:6)
  An orc priest (D:6)
  2 gnolls (D:6)
4 creatures vanquished.

Grand Total: 134 creatures vanquished

Notes
Turn   | Place    | Note
-------+----------+-------------------------------------------
     0 | D:1      | lightspider the Hill Orc Fighter began the quest for the
                  | Orb.
     0 | D:1      | Reached XP level 1. HP: 19/19 MP: 1/1
    78 | D:1      | Reached XP level 2. HP: 19/27 MP: 2/2
   949 | D:2      | Reached XP level 3. HP: 33/33 MP: 3/3
  1353 | D:2      | Reached XP level 4. HP: 38/40 MP: 4/4
  1596 | D:3      | Found a faded altar of an unknown god.
  2038 | D:3      | Found an iron altar of Okawaru.
  2042 | D:3      | Found a snail-covered altar of Cheibriados.
  2156 | D:3      | Noticed Jessica
  2162 | D:3      | Killed Jessica
  2163 | D:3      | Reached XP level 5. HP: 47/47 MP: 5/5
  2411 | D:3      | Reached skill level 5 in Armour
  3107 | D:4      | Noticed a sky beast
  3122 | D:4      | Killed a sky beast
  3123 | D:4      | Reached XP level 6. HP: 40/55 MP: 6/6
  3139 | D:4      | Reached skill level 5 in Fighting
  3436 | D:4      | Reached skill level 1 in Polearms
  3677 | D:4      | Reached XP level 7. HP: 54/61 MP: 7/7
  3830 | D:4      | Reached skill level 2 in Polearms
  3890 | D:4      | Reached skill level 5 in Shields
  3934 | D:4      | Found a hazy altar of Hepliaklqana.
  4338 | D:5      | Entered Level 5 of the Dungeon
  4428 | D:5      | Identified a scroll of acquirement
  4428 | D:5      | Acquired a manual of Fighting
  4464 | D:5      | Reached skill level 3 in Polearms
  4623 | D:5      | Identified the +2 leather armour of the Eagle {Dex+4}
  4648 | D:5      | Reached XP level 8. HP: 67/70 MP: 8/8
  4669 | D:5      | Found a hide-covered altar of Uskayaw.
  4672 | D:5      | Found a broken altar of Ashenzari.
  4672 | D:5      | Found a shimmering blue altar of Sif Muna.
  4673 | D:5      | Found a stormy altar of Qazlal.
  4674 | D:5      | Found a bloodstained altar of Trog.
  4952 | D:5      | Reached skill level 4 in Polearms
  5326 | D:6      | Noticed a komodo dragon
  5332 | D:6      | Killed a komodo dragon
  5333 | D:6      | Reached skill level 5 in Polearms
  5603 | D:6      | Found a runed translucent door.
  5605 | D:6      | Found a runed translucent door.
  5655 | D:6      | Reached skill level 6 in Polearms
  5794 | D:6      | Became a worshipper of Beogh the Brigand
  6646 | D:7      | Reached skill level 7 in Polearms
  6761 | D:7      | Reached XP level 9. HP: 82/82 MP: 9/9
  6995 | D:7      | Noticed Duvessa
  6998 | D:7      | Noticed Dowan
  7004 | D:7      | Killed Duvessa
  7005 | D:7      | Reached skill level 8 in Polearms
  7010 | D:7      | Killed Dowan
  7013 | D:7      | Found a staircase to the Ecumenical Temple.
  7029 | D:7      | Reached skill level 9 in Polearms
  7232 | D:7      | Reached skill level 10 in Polearms
  7508 | D:8      | Noticed a two-headed ogre
  7530 | D:8      | Reached skill level 11 in Polearms
  7531 | D:8      | Found a sand-covered staircase.
  7531 | D:8      | Killed from afar by an orc priest

Illustrated notes

Levels and vault maps discovered:
D:1:      sevenhm_arrival_forest_fort_large_3, layout_basic, minmay_pentomino_s2
D:2:      layout_rooms
D:3:      layout_basic, jmf_multi_god_temple, serial_aquarium,
          aquarium_bridge_square [aquarium_subvault_window,
          aquarium_subvault_bridge, aquarium_subvault_window,
          aquarium_subvault_wall], aquarium_bridge_long_joined
          [aquarium_subvault_bridge, aquarium_subvault_wall,
          aquarium_subvault_bridge, aquarium_subvault_wall,
          aquarium_subvault_bridge, aquarium_subvault_wall],
          aquarium_window_corridor_1, aquarium_window_corner, aquarium_window_2,
          aquarium_view_2b, aquarium_pool_side,
          hellmonk_ecumenical_altar_heavens_door, grunt_decor_mini_mirrors,
          minmay_joined_circles, uniq_jessica
D:4:      layout_cave_pods, amcnicky_altar_gilded, minmay_manual_mess
D:5:      layout_layer_cave, grunt_temple_overflow_open
D:6:      lemuel_insect_pit, layout_cave_pods
D:7:      layout_loops_corners, minmay_temple_entry_stoned_glass, uniq_duvessa
D:8:      layout_basic, nicolae_ossuary_entry_monument, serial_shops,
          kennysheep_mini_moat, nicolae_shop_crystal, centaur_isle, uniq_pikel,
          uniq_prince_ribbit1, uniq_erica

Skill      XL: |  1  2  3  4  5  6  7  8  9 |
---------------+----------------------------+-----
Armour         | 4 5 6 7 |  7.1
Fighting       | 4 5 6 8 |  8.7
Shields        | 4 5 6 |  6.3
Long Blades    | 3 4 |  4.6
Polearms       | 1 3 7 11 | 11.1

Action                   |  1- 3 |  4- 6 |  7- 9 || total
-------------------------+-------+-------+-------++-------
Melee: Long sword        |    93 |   172 |   101 ||   366
       Trident           |       |       |   157 ||   157
Throw: Throwing net      |       |     1 |       ||     1
Invok: Convert to Beogh  |       |       |     1 ||     1
Evoke: Wand              |       |       |     7 ||     7
  Use: Scroll            |     2 |     4 |     9 ||    15
       Potion            |       |     1 |     2 ||     3
Armor: Scale mail        |    54 |    76 |    18 ||   148
       Chain mail        |       |       |    16 ||    16
       Leather armour    |       |       |    57 ||    57
       Steam dragon scal |       |       |    11 ||    11
Dodge: Dodged            |    19 |    82 |   111 ||   212
Block: Kite shield       |    56 |    84 |   154 ||   294
       Rpst.: Long sword |     8 |    25 |    19 ||    52

Table legend: (Time is in decaauts)
 A = Elapsed time spent in this place.
 B = Non-inter-level travel time spent in this place.
 C = Inter-level travel time spent in this place.
 D = Time resting spent in this place.
 E = Time spent auto-exploring this place.
 F = Levels seen in this place.
 G = Mean time per level.
                   A        B        C        D        E       F      G
               +--------+--------+--------+--------+--------+-----+--------+
         Total |   7713 |   7506 |    207 |   1324 |   4586 |   8 |  964.1 |
       Dungeon |   7713 |   7506 |    207 |   1324 |   4586 |   8 |  964.1 |
               +--------+--------+--------+--------+--------+-----+--------+

Top non-repeatable levels by time:
     D:3: 1491 daAuts
     D:4: 1390 daAuts
     D:6: 1268 daAuts
     D:5: 1013 daAuts
     D:1: 933 daAuts
     D:7: 925 daAuts
     D:2: 664 daAuts
     D:8: 24 daAuts
